 Dungeon Crawl Stone Soup version 0.28-a0-683-ga8797d1ae1 (webtiles) character file.

Game seed: 18166275732499706249

334 ytrimaz the Shield-Bearer (level 6, -3/48 HPs)
             Began as a Formicid Fighter on Oct 18, 2021.
             Slain by a water moccasin (5 damage)
             ... on level 4 of the Dungeon.
             The game lasted 00:05:42 (4993 turns).

ytrimaz the Shield-Bearer (Formicid Fighter)        Turns: 4993, Time: 00:05:43

Health: -3/48      AC:  8    Str: 28    XL:     6   Next: 83%
Magic:  6/6        EV: 11    Int:  8    God:
Gold:   216        SH:  6    Dex: 10    Spells: 5/5 levels left

rFire   . . .      SeeInvis +   a - +0 war axe
rCold   + . .      Faith    .   c - +2 buckler
rNeg    . . .      Spirit   .   j - +0 ring mail {rC+}
rPois   .          Reflect  .   (helmet unavailable)
rElec   .          Harm     .   (no cloak)
rCorr   .          Rampage  .   (no gloves)
Will    .....                   m - +1 pair of boots
Stlth   +.........              (no amulet)
HPRegen 0.16/turn               h - +6 ring of strength
MPRegen 0.10/turn               (no ring)

@: no status effects
A: permanent stasis, dig shafts and tunnels, antennae 3, four strong arms
a: Dig, Shaft Self


You were on level 4 of the Dungeon.
You visited 1 branch of the dungeon, and saw 4 of its levels.

You collected 216 gold pieces.

Inventory:

Hand Weapons
 a - a +0 war axe (weapon)
Armour
 c - a +2 buckler (worn)
 j - a +0 ring mail of cold resistance (worn)
 m - a +1 pair of boots (worn)
Jewellery
 b - a ring of positive energy
 h - a +6 ring of strength (left hand)
Scrolls
 e - 2 scrolls of identify
 i - a scroll of fear
Potions
 d - a potion of brilliance
 k - a potion of attraction


   Skills:
 + Level 4.2 Fighting
 + Level 4.5 Axes
 + Level 4.5 Armour
 + Level 0.8 Dodging
 + Level 0.5 Stealth
 + Level 4.9 Shields


You had 5 spell levels left.
You didn't know any spells.
Your spell library contained the following spells:

 Spells                   Type           Power      Damage    Failure   Level
 Beastly Appendage        Tmut           0%         N/A       52%         1
 Wereblood                Tmut           0%         N/A       67%         2
 Spider Form              Tmut/Pois      0%         N/A       88%         3
 Alistair's Intoxication  Tmut/Pois      0%         N/A       100%        5
 Borgnjor's Vile Clutch   Necr/Erth      0%         N/A       100%        5
 Eringya's Noxious Bog    Tmut/Pois      0%         N/A       100%        6


Dungeon Overview and Level Annotations

Branches:
Dungeon (4/15)
 Temple: D:4-7

Altars:
Kikubaaqudgha
Trog

Shops:
D:1 !   D:3 :   D:4 *


Innate Abilities, Weirdness & Mutations

You cannot be hasted, slowed, berserked, paralysed or teleported.
You can dig through walls and to a lower floor.
You have a pair of large antennae on your head. (SInv)
Your four strong arms can wield two-handed weapons with a shield.


Message History

The water moccasin is moderately wounded.
You feel very sick. The water moccasin misses you.
The water moccasin bites you.
Okay, then.
You extend your mandibles.
Unknown command.
Unknown command.
You throw a throwing net.
The throwing net closely misses the water moccasin.
The throwing net barely misses the ball python.
The throwing net misses the hound.
You feel sick. The water moccasin bites you.
You are more poisoned.
The water moccasin poisons you! You block the water moccasin's attack.
Unknown command.
You retract your mandibles.
You feel very sick.
You feel very sick.
You feel sick. You block the water moccasin's attack.
You feel sick.
You feel sick.
You feel sick. The water moccasin closely misses you.
You feel sick.
You feel sick.
The water moccasin bites you but does no damage.
You feel sick.
You feel sick.
You are no longer poisoned.
The water moccasin closely misses you. You block the water moccasin's attack.
The water moccasin bites you.
* * * LOW HITPOINT WARNING * * *
The water moccasin closely misses you.
The water moccasin bites you but does no damage.
The water moccasin completely misses you.
Found 9 gold pieces.
Found a stone staircase leading down.
The hound closely misses you. The water moccasin bites you.
* * * LOW HITPOINT WARNING * * *
The water moccasin bites you.
You die...

#...o...# #....[.#
#.......# #......#
#.......# #......#
........###......#
....#.#...o......#
....#.#####{.S..S#
....#.# ######h#
....#.# #S#
....#.# #@#
##.##.# #$# #.##.#
#># #.##.# ###
#.##.# #.##.#
#.##.# #.##.#
#.##.#


You could see a water moccasin, a hound and a ball python.

Vanquished Creatures
  A centaur zombie (D:4)
  2 orc priests
  An orc wizard (D:4)
  4 adders
  11 gnolls
  An adder skeleton (D:4)
  A worm (D:2)
  2 dart slugs
  2 orcs (D:3)
  7 endoplasms
  2 giant cockroaches
  7 hobgoblins
  3 jackals (D:2)
  7 kobolds
  5 quokkas (D:2)
  A ball python (D:2)
  5 bats (D:1)
  2 frilled lizards
  6 goblins
  4 rats
74 creatures vanquished.

Vanquished Creatures (others)
  15 plants
15 creatures vanquished.

Grand Total: 89 creatures vanquished

Notes
Turn   | Place    | Note
-------+----------+-------------------------------------------
     0 | D:1      | ytrimaz the Formicid Fighter began the quest for the Orb.
     0 | D:1      | Reached XP level 1. HP: 18/18 MP: 1/1
   278 | D:1      | Reached XP level 2. HP: 20/24 MP: 2/2
   445 | D:1      | Reached XP level 3. HP: 24/29 MP: 3/3
   553 | D:1      | Found Voef Rest's Distillery.
   801 | D:1      | Found a faded altar of an unknown god.
  1100 | D:2      | Found a bloodstained altar of Trog.
  1413 | D:2      | Reached XP level 4. HP: 35/37 MP: 4/4
  2074 | D:2      | Reached XP level 5. HP: 41/42 MP: 5/5
  2313 | D:2      | HP: 1/42 [gnoll (3)]
  3144 | D:3      | Found an ancient bone altar of Kikubaaqudgha.
  3644 | D:3      | Found Peigh's Book Emporium.
  3797 | D:4      | Found Xopop's Overcharged Wands.
  3817 | D:3      | Reached XP level 6. HP: 23/48 MP: 6/6
  4495 | D:4      | Noticed an ice beast
  4953 | D:4      | Noticed a water moccasin
  4991 | D:4      | HP: 1/48 [water moccasin (6)]
  4993 | D:4      | Slain by a water moccasin

Illustrated notes

Levels and vault maps discovered:
D:1:      minmay_arrival_open_corners, layout_loops_ring, serial_shops,
          nicolae_shop_behind_doors, hellmonk_ecumenical_altar_prayer_group,
          kennysheep_nondescript
D:2:      wad_woods_tower, layout_loops_corners, basic_altar
D:3:      layout_loops_corners, mainiacjoe_overflow_surrounded_room,
          serial_shops, nicolae_shop_statue_plus, serial_bayou_pond_a,
          serial_bayou_lagoon_a, kennysheep_generic_room_4
D:4:      minmay_spotlight, layout_basic, nicolae_shop_overcharged_wands

Skill      XL: |  1  2  3  4  5  6 |
---------------+-------------------+-----
Shields        | 4 |  4.9
Axes           | 3 4 |  4.5
Armour         | 4 |  4.5
Fighting       | 4 |  4.2
Dodging        | |  0.8
Stealth        | |  0.5

Action                   |  1- 3 |  4- 6 || total
-------------------------+-------+-------++-------
Melee: War axe           |    79 |   134 ||   213
Throw: Throwing net      |       |     1 ||     1
 Abil: Dig               |       |     3 ||     3
  Use: Scroll            |     1 |     4 ||     5
       Potion            |       |     5 ||     5
Armor: Scale mail        |    34 |       ||    34
       Ring mail         |     2 |    61 ||    63
Dodge: Dodged            |    60 |    74 ||   134
Block: Buckler           |    35 |    61 ||    96

Table legend: (Time is in decaauts)
 A = Elapsed time spent in this place.
 B = Non-inter-level travel time spent in this place.
 C = Inter-level travel time spent in this place.
 D = Time resting spent in this place.
 E = Time spent auto-exploring this place.
 F = Levels seen in this place.
 G = Mean time per level.
                   A        B        C        D        E       F      G
               +--------+--------+--------+--------+--------+-----+--------+
         Total |   5087 |   4969 |    118 |    874 |   3102 |   4 | 1271.8 |
       Dungeon |   5087 |   4969 |    118 |    874 |   3102 |   4 | 1271.8 |
               +--------+--------+--------+--------+--------+-----+--------+

Top non-repeatable levels by time:
     D:2: 1646 daAuts
     D:3: 1477 daAuts
     D:1: 1326 daAuts
     D:4: 636 daAuts
